[Event "Late-Titled-Tuesday-Blitz-August-29-2023"]
[Site "Chess.com"]
[Date "2023.08.29"]
[Round "3"]
[White "WPWPWP-2015"]
[Black "XDPS"]
[Result "0-1"]
[WhiteElo "2573"]
[BlackElo "2876"]
[TimeControl "180+1"]
[EndTime "14:27:37 PDT"]
[Termination "XDPS won by checkmate"]

1. e4 c5 2. Nf3 d6 3. Bb5+ Nd7 4. O-O Nf6 5. Re1 a6 6. Bd3 e5 7. c3 Be7 8. a4 O-O 9. Bc2 Qc7 10. d4 Re8 11. d5 Nf8 12. Nbd2 Ng6 13. Nc4 b6 14. a5 b5 15. Nb6 Rb8 16. Nxc8 Rexc8 17. g3 c4 18. Bd2 Nd7 19. Qe2 Nc5 20. Be3 Nf8 21. Bxc5 Qxc5 22. Nd2 Nd7 23. Nf1 g6 24. h4 h5 25. Ne3 Kg7 26. Kg2 Qc7 27. Rf1 Re8 28.
f4 exf4 29. gxf4 Bxh4 30. Kh1 Nc5 31. Qg2 Kh8 32. f5 Rg8 33. Qh3 Bg5 34. fxg6 fxg6 35. Ng4 Qe7 36. e5 dxe5 37. Rae1 e4 38. Nh2 Rbe8 39. Qg2 Bh6 40. d6 Qxd6 41. Rf7 Nd3 42. Ref1 Rgf8 43. Rxf8+ Rxf8 44. Rxf8+ Bxf8 45. Nf1 Bh6 46. Bxd3 cxd3 47. Qxe4 d2 48. Qa8+ Kh7 49. Qb7+ Bg7 50.
Nxd2 Qxd2 51. Qxa6 Qc1+ 52. Kg2 Qxb2+ 53. Kf1 Qxc3 54.
Qxb5 Qf3+ 55. Kg1 Bd4+ 56. Kh2 Qf4+ 57. Kg2 Qg4+ 58. Kf1 Qf3+ 59. Ke1 Bc3# 0-1

[Event "Late-Titled-Tuesday-Blitz-August-29-2023"]
[Site "Chess.com"]
[Date "2023.08.29"]
[Round "3"]
[White "Cambek64"]
[Black "sofaceindisguise"]
[Result "0-1"]
[WhiteElo "2475"]
[BlackElo "2684"]
[TimeControl "180+1"]
[EndTime "14:27:39 PDT"]
[Termination "sofaceindisguise won on time"]

1. e4 e5 2. Nf3 Nc6 3. Bb5 a6 4. Bxc6 dxc6 5. d4 exd4 6. Qxd4 Qxd4 7. Nxd4 Nf6 8. f3 c5 9. Ne2 Bd7 10. Nbc3 O-O-O 11. Bg5 h6 12. Bxf6 gxf6 13. O-O-O f5 14. exf5 Bxf5 15. Rxd8+ Kxd8 16. Rd1+ Bd6 17. Ng3 Bd7 18.
Nce4 Bf4+ 19. Kb1 b6 20. Nf6 Bd6 21. Nge4 Ke7 22. Nxd7 Kxd7 23. Nxd6 cxd6 24. c4 Re8 25. Kc2 b5 26. b3 Kc6 27. Kd2 d5 28. cxd5+ Kxd5 29.
Kc3+ Kc6 30. Rd2 Re1 31. Kd3 a5 32. g4 b4 33. h4 Kb5 34. g5 hxg5 35. hxg5 a4 36.
f4 Rf1 37. Ke4 Rb1 38. Rd7 axb3 39. axb3 Rxb3 40. Rxf7 Rg3 41. Kf5 c4 42. g6 c3 43.
Kf6 c2 44. Rc7 b3 45. g7 b2 46. Rc3 Rxc3 47. g8=Q Rc6+ 48. Kg5 c1=Q 49. Qb8+ Kc4 50.
Qg8+ Kc3 51. Qg7+ Kb3 52. Qb7+ Ka2 53. Qf7+ Ka1 54. Qa7+ Kb1 55. Qh7+ Rc2 56. Kf5 Qd1 57. Qe7 Qd5+ 0-1

[Event "Late-Titled-Tuesday-Blitz-August-29-2023"]
[Site "Chess.com"]
[Date "2023.08.29"]
[Round "3"]
[White "DrVelja"]
[Black "Ramosha"]
[Result "0-1"]
[WhiteElo "2865"]
[BlackElo "2621"]
[TimeControl "180+1"]
[EndTime "14:27:41 PDT"]
[Termination "Ramosha won by resignation"]

1. e4 c6 2. Nc3 d5 3. Nf3 dxe4 4. Nxe4 Nf6 5. Qe2 Bf5 6. Nxf6+ gxf6 7. d3 Nd7 8. g3 e6 9. Bg2 Qc7 10. Nh4 Bg6 11.
O-O Bd6 12. Bd2 O-O-O 13. b4 Rhe8 14. Rab1 Nb6 15. b5 c5 16. a4 Be5 17. a5 Nd5 18. b6 axb6 19. axb6 Qd6 20. Qf3 Re7 21. Rb5 Nc3 22. Rb3 Nd5 23. Rfb1 f5 24. Rb5 Nc3 25. Ra5 Nxb1 26. Ra8+ Kd7 27. Qxb7+ Ke8 28. Qc6+ Qxc6 29. Bxc6+ Rd7 30. Bxd7+ Kxd7 31. Ra7+ Kc6 32. Ba5 Rd7 33. Nf3 Bb8 34. Rxd7 Kxd7 35. Kf1 Kc6 36. c4 f4 37. Ne1 fxg3 38. hxg3 Kb7 39. f4 Ka6 0-1

[Event "Late-Titled-Tuesday-Blitz-August-29-2023"]
[Site "Chess.com"]
[Date "2023.08.29"]
[Round "3"]
[White "lupta_robin"]
[Black "Zhigalko_Sergei"]
[Result "0-1"]
[WhiteElo "2633"]
[BlackElo "2932"]
[TimeControl "180+1"]
[EndTime "14:27:43 PDT"]
[Termination "Zhigalko_Sergei won on time"]

1. b3 e5 2. Bb2 d6 3. e3 Nf6 4. d4 e4 5. d5 c6 6. c4 Na6 7.
Nc3 Be7 8. Nge2 Nc5 9. Nf4 a5 10. Be2 O-O 11. h4 Qb6 12. Qd4 a4 13. Nxe4 axb3 14.
axb3 Rxa1+ 15. Bxa1 Qxb3 16. Nxc5 dxc5 17. Qb2 Qxb2 18. Bxb2 cxd5 19. Bxf6 Bxf6 20. Nxd5 Be6 21. Nxf6+ gxf6 22. f3 Ra8 23. Kf2 Ra2 24. Rc1 Kf8 25.
e4 Ke7 26. Ke3 Kd6 27. Rb1 Kc7 28. Rc1 Rb2 29. g4 h6 30. h5 Kb6 31. Bd3 Ka5 32.
Ra1+ Kb4 33. Ra7 Kc3 34. Ra5 b6 35. Ra7 Rb3 36. Ke2 Kd4 37. Rc7 Rxd3 0-1

[Event "Late-Titled-Tuesday-Blitz-August-29-2023"]
[Site "Chess.com"]
[Date "2023.08.29"]
[Round "3"]
[White "IngOscarArdila"]
[Black "Tejas_Rama"]
[Result "0-1"]
[WhiteElo "2310"]
[BlackElo "2540"]
[TimeControl "180+1"]
[EndTime "14:27:43 PDT"]
[Termination "Tejas_Rama won by checkmate"]

1. d4 Nf6 2. c4 e6 3. Nc3 Bb4 4.
Bd2 O-O 5. Nf3 d5 6. e3 b6 7.
cxd5 exd5 8. Bd3 Bd6 9. Nb5 Be7 10. Qc2 c6 11. Nc3 Bb7 12. Ne5 c5 13. O-O Nc6 14. Nxc6 Bxc6 15. Rfc1 c4 16. Bf5 g6 17. Bh3 b5 18. a3 a5 19. f3 b4 20. axb4 axb4 21. Ne2 Qb6 22. Kh1 Qb7 23. Be1 Rxa1 24. Rxa1 Ra8 25. Qd1 Bf8 26. Bh4 Ne8 27. Nf4 Nd6 28. Bf6 Bh6 29. Be5 Ne8 30. Rxa8 Qxa8 31.
e4 Bxf4 32. Bxf4 dxe4 33. fxe4 Bxe4 34. Qe1 Nf6 35. Be5 Nd5 36. Kg1 f5 37. Qh4 Qa1+ 38. Kf2 Qxb2+ 39. Kg3 Qc3+ 40. Kf2 Qe3+ 41. Kf1 Bd3# 0-1

[Event "Late-Titled-Tuesday-Blitz-August-29-2023"]
[Site "Chess.com"]
[Date "2023.08.29"]
[Round "3"]
[White "BozeKat"]
[Black "ural58"]
[Result "0-1"]
[WhiteElo "2092"]
[BlackElo "2521"]
[TimeControl "180+1"]
[EndTime "14:27:43 PDT"]
[Termination "ural58 won on time"]

1. c4 e5 2. g3 c6 3. Bg2 d5 4. d4 e4 5. Nc3 Bb4 6. a3 Bxc3+ 7.
bxc3 dxc4 8. Bxe4 Nf6 9. Bg5 h6 10. Bxf6 Qxf6 11. Bg2 O-O 12. Nf3 Re8 13. O-O Bf5 14.
Ne5 b5 15. a4 bxa4 16. Qxa4 a5 17. Qxc4 Ra7 18. e3 Rc8 19. Qc5 Qe7 20. Qxe7 Rxe7 21.
Rxa5 c5 22. Ra8 f6 23. Nc6 Nxc6 24. Rxc8+ Bxc8 25. Bxc6 Ra7 26. Rb1 Kf7 27. Kg2 Ra3 28. c4 cxd4 29. exd4 Rc3 30. Rb8 Bf5 31. Rb7+ Kg6 32.
Rb4 Bd3 33. Bd5 h5 34. h3 Be2 35. c5 Kf5 36. g4+ hxg4 37. hxg4+ Kxg4 38. Be6+ Kg5 39. Bd5 f5 40. c6 Kf4 41. Rb7 Rc1 42. c7 Bf1+ 43. Kh2 Ba6 44. Ra7 Bc8 45. Bg2 g5 46. d5 Ke5 0-1

[Event "Late-Titled-Tuesday-Blitz-August-29-2023"]
[Site "Chess.com"]
[Date "2023.08.29"]
[Round "3"]
[White "CheckBits"]
[Black "TheMagician"]
[Result "1-0"]
[WhiteElo "2397"]
[BlackElo "2152"]
[TimeControl "180+1"]
[EndTime "14:27:43 PDT"]
[Termination "CheckBits won on time"]

1. e4 c5 2. c3 e6 3. d4 d5 4.
exd5 Qxd5 5. Nf3 Nf6 6. Nbd2 cxd4 7. Bc4 Qd8 8. Nxd4 Bd7 9. N2f3 Nc6 10. O-O Nxd4 11.
Nxd4 Rc8 12. Qe2 Be7 13. Bf4 O-O 14. Rad1 Re8 15. Rfe1 Qb6 16. Bb3 a6 17. Rd3 Rcd8 18. Rg3 g6 19. h4 Nd5 20. Bg5 Bxg5 21. Rxg5 Qd6 22. h5 Qf4 23. Rg3 Qf6 24. Bxd5 exd5 25. Qd1 Rxe1+ 26. Qxe1 Re8 27. Qd2 Re4 28. h6 Qe7 29.
Nf3 Bc6 30. Rg5 f6 31. Rg3 Kf7 32. Qd3 1-0

[Event "Late-Titled-Tuesday-Blitz-August-29-2023"]
[Site "Chess.com"]
[Date "2023.08.29"]
[Round "3"]
[White "frederiksvane"]
[Black "grzechu96"]
[Result "1-0"]
[WhiteElo "2949"]
[BlackElo "2709"]
[TimeControl "180+1"]
[EndTime "14:27:45 PDT"]
[Termination "frederiksvane won on time"]

1. c4 c6 2. Nf3 d5 3. e3 Nf6 4. b3 Bf5 5. Bb2 e6 6. Nh4 Bg4 7. Be2 Bxe2 8. Qxe2 Be7 9. Nf3 Nbd7 10. O-O O-O 11.
d3 a5 12. Nc3 Re8 13. Rac1 Qb6 14. cxd5 exd5 15. Nd4 Qa6 16. Rcd1 Bf8 17. Qc2 Rac8 18. Nde2 Bd6 19. Ng3 Qb6 20. e4 Be5 21. Kh1 Qc5 22. Qd2 Bd4 23. Nf5 Bxc3 24. Bxc3 dxe4 25. Qg5 Qf8 26. dxe4 Nxe4 27. Qxg7+ Qxg7 28. Bxg7 Rcd8 29. Bd4 f6 30. f3 Ng5 31. Nd6 Re2 32. Nxb7 Rb8 33.
Nxa5 Rxa2 34. Nxc6 Rxb3 35. Rf2 Rxf2 36. Bxf2 Nf8 37. h4 Nge6 38. Kh2 Kf7 39. Rd2 Ra3 40. Nb4 Rb3 41. Nd5 Rb8 42. Ne3 Rd8 43. Ra2 Rd7 44. Nf5 Rc7 45. Be3 Ng6 46. Ra8 1-0

[Event "Late-Titled-Tuesday-Blitz-August-29-2023"]
[Site "Chess.com"]
[Date "2023.08.29"]
[Round "3"]
[White "ashookk"]
[Black "CrushingKings"]
[Result "0-1"]
[WhiteElo "2362"]
[BlackElo "2559"]
[TimeControl "180+1"]
[EndTime "14:27:45 PDT"]
[Termination "CrushingKings won by resignation"]

1. Nf3 Nf6 2. c4 g6 3. Nc3 Bg7 4. e4 d6 5. d3 O-O 6. d4 e5 7. Be2 exd4 8. Nxd4 Re8 9. f3 c6 10. Bg5 h6 11. Bh4 g5 12. Bf2 d5 13. cxd5 cxd5 14. Nf5 Bxf5 15. exf5 Nc6 16. O-O d4 17. Nb5 a6 18. Na3 b5 19. Bd3 Qd5 20. Nc2 Rad8 21.
Qd2 Nh5 22. Be4 Rxe4 23. fxe4 Qxe4 24. Rae1 Qxf5 25. Bg3 Qg6 26. Rd1 d3 27. Ne1 Nxg3 28.
hxg3 Bd4+ 29. Rf2 Qf5 30. Nf3 Bxf2+ 31. Qxf2 Nd4 32. Nxd4 Qxf2+ 33. Kxf2 Rxd4 34. Ke3 Rg4 35. Kf3 Rd4 36. Ke3 Rd6 37. Kd2 Kg7 38. Rf1 Kg6 39.
g4 f6 40. Rf5 h5 41. Rc5 hxg4 42. b3 f5 43. a4 bxa4 44. bxa4 f4 45. Rc4 Kh5 46.
Rc8 Kh4 0-1

[Event "Late-Titled-Tuesday-Blitz-August-29-2023"]
[Site "Chess.com"]
[Date "2023.08.29"]
[Round "3"]
[White "OparinGrigoriy"]
[Black "Fh2411"]
[Result "1-0"]
[WhiteElo "2970"]
[BlackElo "2630"]
[TimeControl "180+1"]
[EndTime "14:27:47 PDT"]
[Termination "OparinGrigoriy won by resignation"]

1. e4 c6 2. Nc3 d5 3. Nf3 dxe4 4.
Nxe4 Nf6 5. Qe2 Nxe4 6. Qxe4 Qa5 7. b4 Qf5 8. Qe3 Qe6 9. Bb2 Qxe3+ 10. fxe3 f6 11.
a4 e5 12. b5 Bb4 13. O-O-O cxb5 14. Bxb5+ Bd7 15. d4 e4 16. Nd2 Bxd2+ 17. Kxd2 a6 18. Bxd7+ Nxd7 19. a5 Rc8 20. Ba3 b5 21. axb6 Nxb6 22.
Bc5 Nc4+ 23. Ke2 Kd7 24. Ra1 Ra8 25. Ra4 Nd6 26. Bxd6 Kxd6 27. Rha1 Rhc8 28. Rxa6+ Rxa6 29. Rxa6+ Kd5 30. Kd2 Rc7 31. g4 h6 32. h4 Rb7 33.
Ra5+ Ke6 34. c4 Rb2+ 35. Kc3 Re2 36. Ra6+ Kf7 37. d5 Rxe3+ 38. Kd4 Rg3 39. Ra7+ Kf8 40. c5 e3 41. c6 e2 42. Ra1 Ke7 43. Re1 Kd6 44.
Rxe2 Rxg4+ 45. Re4 Rxe4+ 46. Kxe4 g5 47. hxg5 fxg5 48. Kf5 Ke7 49. c7 Kd7 50. d6 Kc8 51. Ke6 g4 52. Ke7 g3 53. d7+ Kxc7 54. d8=Q+ 1-0

[Event "Late-Titled-Tuesday-Blitz-August-29-2023"]
[Site "Chess.com"]
[Date "2023.08.29"]
[Round "3"]
[White "Dr_crypt"]
[Black "Chessdreamer2020"]
[Result "1/2-1/2"]
[WhiteElo "2323"]
[BlackElo "2538"]
[TimeControl "180+1"]
[EndTime "14:27:47 PDT"]
[Termination "Game drawn by repetition"]

1. d4 d6 2. Nf3 g6 3. c4 Bg7 4. Nc3 e5 5. e4 Bg4 6. dxe5 dxe5 7.
Qxd8+ Kxd8 8. Ng5 Nh6 9. Be3 c6 10. h3 Bd7 11. O-O-O Kc7 12. f4 f6 13. Nf3 Nf7 14.
fxe5 Nxe5 15. Nxe5 fxe5 16. Bc5 Bf8 17. Bg1 Be6 18. Bh2 Nd7 19. Be2 Bh6+ 20. Kc2 Rhf8 21. Rhf1 Bf4 22. Bg1 b6 23. b4 a6 24. a4 Bh6 25. a5 bxa5 26. bxa5 Rxf1 27. Bxf1 Bf8 28. Na4 Bb4 29. Nb6 Rf8 30. Nxd7 Bxd7 31. Bb6+ Kc8 32. c5 Rf2+ 33. Kb3 Bd2 34. Bxa6+ Kb8 35. Rf1 Be6+ 36.
Kc2 Be3+ 37. Rxf2 Bxf2 38. Be2 Bd4 39. Bg4 Bxg4 40. hxg4 Kb7 41. Kd3 Ka6 42. Kc4 Kb7 43. Bd8 Ka6 44. Bc7 Kb7 45. Bd6 Ka6 46. Bc7 Kb7 47.
Bd8 Ka6 48. Bb6 Kb7 49. Bd8 1/2-1/2

[Event "Late-Titled-Tuesday-Blitz-August-29-2023"]
[Site "Chess.com"]
[Date "2023.08.29"]
[Round "3"]
[White "Defend1r"]
[Black "GGuseinov"]
[Result "0-1"]
[WhiteElo "2550"]
[BlackElo "2869"]
[TimeControl "180+1"]
[EndTime "14:27:48 PDT"]
[Termination "GGuseinov won by resignation"]

1. e4 c5 2. Nf3 g6 3. c3 d5 4. exd5 Qxd5 5. d4 Bg7 6. dxc5 Qxc5 7. Be3 Qc7 8. Nbd2 Nf6 9. Nb3 Nc6 10. Be2 O-O 11. O-O Rd8 12. Qc1 Nd5 13. Bh6 e5 14.
Bc4 Nce7 15. Bxg7 Kxg7 16. Nbd2 Nf4 17. Re1 f6 18. Qc2 Bf5 19. Qb3 Nc6 20. Bf1 Nd3 21.
Bxd3 Rxd3 22. Nc4 Be6 23. Qa4 Rad8 24. Ne3 a6 25. h3 Qf7 26. Qc2 Bxa2 27. Qe2 Bb3 28.
Rac1 a5 29. c4 a4 30. c5 R8d7 31. Ng4 h5 32. Ngh2 Qd5 33. Qe4 Qxe4 34. Rxe4 Rd1+ 35. Re1 Rxc1 36. Rxc1 Nb4 37. Nf1 Nd3 38. Rb1 Nxc5 39. N1d2 e4 40. Nxb3 Nxb3 41. Ne1 Rd2 42. Kf1 f5 43. g3 Kf6 44. Ng2 Rd3 45. Ke1 Nd2 46. Ra1 Nf3+ 47. Kf1 b5 48. Ne3 Rb3 49.
Rb1 Nd2+ 0-1

[Event "Late-Titled-Tuesday-Blitz-August-29-2023"]
[Site "Chess.com"]
[Date "2023.08.29"]
[Round "3"]
[White "SRob2003"]
[Black "Noki102"]
[Result "1-0"]
[WhiteElo "2641"]
[BlackElo "2441"]
[TimeControl "180+1"]
[EndTime "14:27:48 PDT"]
[Termination "SRob2003 won by resignation"]

1. c4 e6 2. g3 d5 3. Bg2 Nf6 4.
Nf3 Be7 5. O-O O-O 6. b3 a5 7. a3 a4 8. cxd5 axb3 9. dxe6 Bxe6 10. Bb2 c5 11. Ng5 Bd5 12. e4 Bc4 13. Re1 b5 14. e5 Nd5 15. d3 Bxg5 16. dxc4 Nb6 17. Bxa8 Nxa8 18. Qxb3 Nc6 19. cxb5 Nd4 20. Bxd4 cxd4 21. f4 Be7 22. Nd2 Nb6 23. a4 Nd5 24. Nc4 Bc5 25. Qf3 Ne3 26. Nxe3 dxe3 27. Kg2 Qd4 28.
a5 h6 29. b6 Rb8 30. b7 Qb2+ 31. Kh3 Rxb7 32. Rab1 Qxb1 33. Rxb1 Rxb1 34. Qa8+ Bf8 35.
Qe4 Rb3 36. a6 Ra3 37. Kg2 Bc5 38. Qa8+ Bf8 39. a7 e2 40. Kf2 Ra2 41. Qb8 Kh7 42.
Qxf8 e1=N+ 43. Kf1 Re2 44. Kxe2 g6 45. Qe7 1-0

[Event "Late-Titled-Tuesday-Blitz-August-29-2023"]
[Site "Chess.com"]
[Date "2023.08.29"]
[Round "3"]
[White "viktorgen2021"]
[Black "Rutricks"]
[Result "0-1"]
[WhiteElo "2436"]
[BlackElo "2617"]
[TimeControl "180+1"]
[EndTime "14:27:48 PDT"]
[Termination "Rutricks won by resignation"]

1. d4 g6 2. Nf3 Bg7 3. g3 Nf6 4. Bg2 O-O 5. O-O d6 6. a4 Nbd7 7. a5 c5 8. a6 Rb8 9. axb7 Bxb7 10. Rxa7 cxd4 11. Qxd4 Qc8 12. Qd1 Qc5 13. Ra1 Rfc8 14. Nc3 Ne4 15. Nxe4 Bxe4 16. c3 Qb6 17. Ne1 Bxg2 18.
Nxg2 Nc5 19. Ra2 h5 20. Be3 Qb7 21. Qc2 Bf6 22. h4 Nd7 23. Rfa1 Ne5 24. Bf4 Ng4 25. Ne3 Nxe3 26. Bxe3 Qb5 27. Qd2 Rb7 28. Ra8 Rxa8 29. Rxa8+ Kh7 30. b4 Qc4 31. Bd4 e5 32.
Be3 d5 33. Bc5 Bg7 34. Bf8 d4 35. Bxg7 Kxg7 36. cxd4 exd4 37. Rd8 Rxb4 38. Kh2 Ra4 39. Re8 Qc6 40. Re7 Qf6 41. Qg5 Qxf2+ 42. Kh3 Ra1 43. Qe5+ Kh7 44. Qe4 d3 45. Qd5 Qf1+ 46. Kh2 Qg1+ 47.
Kh3 Qh1+ 48. Qxh1 Rxh1+ 49. Kg2 d2 50. Rxf7+ Kg8 0-1

[Event "Late-Titled-Tuesday-Blitz-August-29-2023"]
[Site "Chess.com"]
[Date "2023.08.29"]
[Round "3"]
[White "Jahonas"]
[Black "Triumphmate"]
[Result "1-0"]
[WhiteElo "2445"]
[BlackElo "2564"]
[TimeControl "180+1"]
[EndTime "14:27:50 PDT"]
[Termination "Jahonas won by checkmate"]

1. d4 d5 2. Nf3 e6 3. c4 Nf6 4. Nc3 Be7 5. Bg5 O-O 6. e3 h6 7. Bxf6 Bxf6 8. cxd5 exd5 9. Bd3 c6 10. O-O Bg4 11. h3 Bh5 12. g4 Bg6 13. Bxg6 fxg6 14. Qd3 Kh7 15. Ne2 Qe8 16. b4 Nd7 17. b5 c5 18. Rad1 c4 19. Qc2 a6 20. Nf4 Bg5 21.
Nxg5+ hxg5 22. Nxd5 axb5 23. Nc7 Qe7 24. Nxa8 Rxa8 25.
Rb1 Ra5 26. Rb2 Nb6 27. Rfb1 Qd7 28. Qc3 Ra8 29. Rxb5 Nd5 30. Qxc4 Nf6 31. Rxb7 Qd6 32. Qf7 Rg8 33. R1b6 Qd5 34. Rxf6 Qe4 35. Re6 Qc2 36. e4 Qd1+ 37. Kg2 Qxd4 38. Qxg6+ Kh8 39. Qh5# 1-0

[Event "Late-Titled-Tuesday-Blitz-August-29-2023"]
[Site "Chess.com"]
[Date "2023.08.29"]
[Round "3"]
[White "GreatOwl02"]
[Black "Mesa_1"]
[Result "0-1"]
[WhiteElo "2381"]
[BlackElo "2566"]
[TimeControl "180+1"]
[EndTime "14:27:51 PDT"]
[Termination "Mesa_1 won by resignation"]

1. Nf3 c5 2. b3 d5 3. e3 Nf6 4.
Bb2 e6 5. c4 Nc6 6. cxd5 exd5 7.
Bb5 Bd6 8. O-O O-O 9. Nc3 Bg4 10. h3 Bh5 11. Be2 a6 12. d4 cxd4 13. Nxd4 Bg6 14. Nxc6 bxc6 15. Bf3 Re8 16. Rc1 Bc7 17. Ne2 Qd6 18.
g3 Bf5 19. Bg2 Rac8 20. Nd4 Bd7 21. a3 h5 22. Nf3 Bb8 23. b4 Ne4 24. Qd4 Qg6 25. Nh4 Qh6 26. Rfd1 Be5 27. Qxe5 Rxe5 28. Bxe5 Re8 29. Nf3 h4 30. Bf4 g5 31. Bc7 hxg3 32. fxg3 g4 33. Bf4 Qg7 34. hxg4 Bxg4 35. Rf1 Nc3 36. Rc2 Bf5 37. Rd2 Ne4 38. Rb2 Nxg3 39. Bxg3 Qxg3 40. Nd4 Qxe3+ 0-1

[Event "Late-Titled-Tuesday-Blitz-August-29-2023"]
[Site "Chess.com"]
[Date "2023.08.29"]
[Round "3"]
[White "chessmateto"]
[Black "Zampronha1971"]
[Result "0-1"]
[WhiteElo "2430"]
[BlackElo "2289"]
[TimeControl "180+1"]
[EndTime "14:27:51 PDT"]
[Termination "Zampronha1971 won by resignation"]

1. Nf3 Nf6 2. g3 e6 3. Bg2 d5 4. O-O b5 5. d4 Be7 6. c3 O-O 7. Re1 Bb7 8. Nbd2 c5 9. Ne5 Nbd7 10. Nxd7 Qxd7 11. Nb3 c4 12. Nd2 a5 13. e4 b4 14.
exd5 exd5 15. Nf3 Ne4 16. Ne5 Qc8 17. f3 Nd6 18. Nxc4 Qxc4 19. Rxe7 bxc3 20. bxc3 Qxc3 21. Bf4 Rfe8 22. Bxd6 Rxe7 23. Bxe7 Qe3+ 24. Kh1 Qxe7 25. Qd2 Qb4 26. Qd3 Ba6 27. Qe3 Rc8 28. Re1 h6 29.
f4 Bc4 30. a3 Qb2 31. f5 Qb3 32. Qe5 Qxa3 33. f6 g6 34. Qf4 Qf8 35. Re7 a4 36.
Ra7 Bb3 37. h4 h5 38. Bh3 Ra8 39. Rxa8 Qxa8 40. Qh6 Qf8 41. Qg5 a3 42. Qc1 a2 43.
Qa1 Qb4 44. g4 Qd2 45. gxh5 Qc2 46. hxg6 Qb1+ 47. Kg2 Qxa1 48. gxf7+ Kf8 49. h5 0-1

[Event "Late-Titled-Tuesday-Blitz-August-29-2023"]
[Site "Chess.com"]
[Date "2023.08.29"]
[Round "3"]
[White "Druid24"]
[Black "SergioMoralesG"]
[Result "1-0"]
[WhiteElo "2656"]
[BlackElo "2450"]
[TimeControl "180+1"]
[EndTime "14:27:52 PDT"]
[Termination "Druid24 won by resignation"]

1. d4 d5 2. Nf3 Nf6 3. Bf4 e6 4. Nbd2 c5 5. e3 Bd6 6. Bg5 Nbd7 7. c3 h6 8. Bh4 b6 9. Bb5 Bb7 10. Ne5 g5 11. Bg3 Qc7 12. Nxd7 Nxd7 13. Nf3 O-O-O 14. Qa4 Kb8 15. Bxd6 Qxd6 16. Bxd7 Qxd7 17. Qxd7 Rxd7 18. h4 g4 19. Ne5 Rc7 20. h5 f6 21. Nxg4 Rg7 22.
Rh4 f5 23. Ne5 Rxg2 24. Kf1 Rg7 25. f3 Kc7 26. Kf2 Rhg8 27. Ng6 Bc6 28. Rg1 Be8 29. Rh2 Bxg6 30. Rhg2 Kd7 31. hxg6 Ke7 32. b4 c4 33. e4 dxe4 34. fxe4 fxe4 35. Ke3 Kf6 36. Rf2+ Ke7 37. Rfg2 Kf6 38. Rf1+ Ke7 39. Rgf2 Rxg6 40. Rf7+ Kd6 41. Rxa7 Rg3+ 42. Kxe4 R8g4+ 43. Rf4 Rxf4+ 44. Kxf4 Rxc3 45. Rb7 Kd5 46. Rxb6 Rd3 47. a4 Rxd4+ 48. Ke3 c3 49.
Rb5+ Kc4 50. Rc5+ Kxb4 51. Kxd4 Kxa4 52. Rxc3 Kb4 53. Re3 Kb5 54. Ke5 h5 55. Kxe6 Kc4 56. Rh3 Kd4 57. Rxh5 Ke4 58. Rh4+ Kf3 59. Ke5 1-0

[Event "Late-Titled-Tuesday-Blitz-August-29-2023"]
[Site "Chess.com"]
[Date "2023.08.29"]
[Round "3"]
[White "NelsonLinda"]
[Black "Malev212"]
[Result "1-0"]
[WhiteElo "2469"]
[BlackElo "2651"]
[TimeControl "180+1"]
[EndTime "14:27:55 PDT"]
[Termination "NelsonLinda won by resignation"]

1. b3 e5 2. Bb2 Nc6 3. e3 g6 4. Bb5 Nge7 5. Nf3 Bg7 6. d4 e4 7. Nfd2 f5 8. O-O O-O 9. Nc4 d5 10. Ne5 Nxe5 11. dxe5 g5 12. Qh5 Ng6 13. Na3 Nxe5 14.
Rad1 c6 15. Be2 Qe7 16. c4 Nf3+ 17. gxf3 Bxb2 18. Nc2 Be6 19. cxd5 Bxd5 20. Kh1 Kh8 21. Rg1 Rg8 22. Nd4 Bxd4 23. Rxd4 exf3 24. Bxf3 Qe8 25. Rxd5 Qxh5 26. Bxh5 cxd5 27. Bf7 Rg7 28. Bxd5 Rd8 29.
e4 fxe4 30. Bxe4 h6 31. Rc1 Re7 32. f3 Kg7 33. Rc2 Rdd7 34. h3 Rd6 35. Kg2 Red7 36. Kg3 h5 37. h4 Rd2 38. Rc5 gxh4+ 39. Kxh4 Rxa2 40. Rg5+ Kf6 41. Rg6+ Ke5 42. Rg5+ Kd4 43. Kxh5 Kc3 44. Rb5 b6 45. f4 Ra5 46. Rxa5 bxa5 47.
Bc6 Rd4 48. f5 Kxb3 49. f6 Rd6 50. f7 Rf6 51. Kg5 Rf2 52. Kg4 a4 53. Bf3 a3 54.
f8=Q 1-0

[Event "Late-Titled-Tuesday-Blitz-August-29-2023"]
[Site "Chess.com"]
[Date "2023.08.29"]
[Round "3"]
[White "andriipalchuk"]
[Black "cthulhuuu"]
[Result "1-0"]
[WhiteElo "2695"]
[BlackElo "2477"]
[TimeControl "180+1"]
[EndTime "14:27:56 PDT"]
[Termination "andriipalchuk won on time"]

1. e4 d6 2. d4 Nf6 3. Nc3 c6 4. Be2 e5 5. Nf3 Qc7 6. h3 b5 7. a3 Be7 8. O-O O-O 9. Bg5 Nbd7 10. dxe5 dxe5 11. Qc1 Nc5 12. Re1 Ne6 13. Be3 a5 14. Nh2 Bb7 15. Ng4 b4 16. Nxf6+ Bxf6 17. Nb1 Nd4 18.
Bf1 c5 19. Nd2 g6 20. Nc4 Bg7 21. b3 f5 22. exf5 gxf5 23. axb4 axb4 24. Rxa8 Bxa8 25. Bxd4 cxd4 26. Qd2 Qc5 27. Ra1 e4 28. Qg5 d3 29.
Ra5 Qd4 30. cxd3 exd3 31. Rxf5 Be4 32. Rxf8+ Kxf8 33. Qf4+ Ke7 34. Qc7+ Kf8 35. Qb8+ Kf7 36. Qxb4 Kg6 37. Qb8 Bf6 38. Qf4 Bg5 39. Ne5+ 1-0

[Event "Late-Titled-Tuesday-Blitz-August-29-2023"]
[Site "Chess.com"]
[Date "2023.08.29"]
[Round "3"]
[White "chessS1r"]
[Black "Ducke13"]
[Result "1-0"]
[WhiteElo "2594"]
[BlackElo "2421"]
[TimeControl "180+1"]
[EndTime "14:27:58 PDT"]
[Termination "chessS1r won on time"]

1. d4 Nf6 2. Nf3 g6 3. Bg5 Bg7 4. Nbd2 c5 5. Bxf6 Bxf6 6. Ne4 Bxd4 7. Nxd4 cxd4 8. Qxd4 O-O 9. c4 d6 10. Nc3 Qa5 11.
e4 Be6 12. Be2 Rc8 13. b3 b5 14. O-O bxc4 15. bxc4 Nc6 16. Qe3 Ne5 17. Nd5 Qd8 18. Rac1 Rc5 19. f4 Nd7 20. h4 Rac8 21. h5 Nb6 22. f5 Bxd5 23. exd5 Nxc4 24. Bxc4 Rxc4 25. Rxc4 Rxc4 26. fxg6 hxg6 27. hxg6 Qb6 28. Qxb6 axb6 29. Rxf7 Rc1+ 30. Kh2 Rd1 31. Rxe7 Rxd5 32. Kh3 Rd2 33. g4 Rxa2 34. Kh4 b5 35. Rb7 Rb2 36. Kg5 d5 37.
g7 1-0

[Event "Late-Titled-Tuesday-Blitz-August-29-2023"]
[Site "Chess.com"]
[Date "2023.08.29"]
[Round "3"]
[White "szachmistrz2500"]
[Black "imdarealist"]
[Result "1/2-1/2"]
[WhiteElo "2487"]
[BlackElo "2330"]
[TimeControl "180+1"]
[EndTime "14:27:59 PDT"]
[Termination "Game drawn by repetition"]

1. Nf3 d5 2. g3 Bf5 3. Bg2 e6 4. O-O Nf6 5. d3 Be7 6. Nbd2 h6 7. Qe1 Bh7 8. e4 O-O 9. Qe2 c5 10. Re1 Nc6 11. e5 Nd7 12. Nf1 Qc7 13. h4 Nd4 14. Nxd4 cxd4 15. Bf4 Rac8 16. Rac1 Qa5 17. Qg4 Bf5 18.
Qh5 Bg6 19. Qg4 Bf5 20. Qh5 Qxa2 21. Ra1 Qxb2 22. Rxa7 Qxc2 23. Rxb7 Qc6 24. Rb3 Rb8 25. Reb1 Rxb3 26. Rxb3 Qc2 27. Rb7 Qc6 28. Rb3 Nc5 29.
Rb4 Nxd3 30. Rxd4 Bc5 31. Rxd3 Bxd3 32. Bxh6 gxh6 33. Qxh6 Be7 34. Ne3 Qc1+ 35. Kh2 Rb8 36. Qh5 Rb1 37. Ng4 Qg1+ 38. Kh3 Bf5 39. Bf3 Qf1+ 40. Kh2 Bxg4 41. Qxg4+ Kf8 42. h5 Qxf2+ 43. Kh3 Qe3 44. Bg2 Qg5 45. Qe2 Rc1 46. Qb2 Kg7 47. Qe2 Rc4 48. Bf3 Qf5+ 49. g4 Qg5 50. Qd3 Rf4 51. Kg3 Rc4 52. Qe2 Qh4+ 53. Kg2 Qg5 54. Kg3 Qf4+ 55. Kg2 Qg5 56. Kg3 1/2-1/2

[Event "Late-Titled-Tuesday-Blitz-August-29-2023"]
[Site "Chess.com"]
[Date "2023.08.29"]
[Round "3"]
[White "GOGIEFF"]
[Black "Incognito_Knight"]
[Result "0-1"]
[WhiteElo "3019"]
[BlackElo "2789"]
[TimeControl "180+1"]
[EndTime "14:28:02 PDT"]
[Termination "Incognito_Knight won by resignation"]

1. d4 d5 2. c4 e6 3. Nc3 a6 4. c5 e5 5. e3 e4 6. f3 f5 7. fxe4 dxe4 8. Bc4 Nf6 9. Nh3 b5 10. cxb6 cxb6 11. O-O Qc7 12. Bb3 Bd6 13. Nf4 Nc6 14.
Bd2 Bxf4 15. Rxf4 Ne7 16. Rc1 Qd6 17. Be1 Be6 18. Bg3 Bxb3 19. Qxb3 Qd7 20. Na4 Nfd5 21.
Nxb6 Nxb6 22. Qxb6 Nd5 23. Qb3 Nxf4 24. Bxf4 Rc8 25.
Rc5 Rxc5 26. dxc5 Ke7 27. Bd6+ Kf6 28. Qd5 Qe6 29. Qd4+ Kf7 30. a3 Rc8 31. h3 h5 32.
Kh2 h4 33. b4 g5 34. a4 g4 35.
Qd1 g3+ 36. Kg1 Kg6 37. b5 axb5 38. axb5 Qa2 39. b6 Qf2+ 40. Kh1 Ra8 41. b7 Ra2 0-1